 Dungeon Crawl Stone Soup version 0.27.1-34-g3ba077fa99 (webtiles) character file.

Game seed: 5927407591300666684

38 Labrat the Conjurer (level 3, 0/26 HPs)
             Began as a Demigod Conjurer on Jan 28, 2022.
             Slain by an adder (3 damage)
             ... on level 4 of the Dungeon.
             The game lasted 00:07:20 (1506 turns).

Labrat the Conjurer (Demigod Conjurer)              Turns: 1506, Time: 00:07:21

Health: 0/26       AC:  2    Str:  8    XL:     3   Next: 10%
Magic:  9/9        EV: 12    Int: 24    God:
Gold:   48         SH:  0    Dex: 12    Spells: 4/7 levels left

rFire    . . .     SeeInvis .   c - +0 dagger
rCold    . . .     Faith    .   (no shield)
rNeg     . . .     Spirit   .   a - +0 robe
rPois    .         Reflect  .   (no helmet)
rElec    .         Harm     .   (no cloak)
rCorr    .         Rampage  .   (no gloves)
Will     .....                  (no boots)
Stlth    ++........             (no amulet)
HPRegen  0.08/turn              (no ring)
MPRegen  0.11/turn              (no ring)

@: no status effects
A: high mp 1, forlorn
a: no special abilities


You were on level 4 of the Dungeon.
You visited 1 branch of the dungeon, and saw 3 of its levels.

You collected 48 gold pieces.

Inventory:

Hand Weapons
 c - a +0 dagger (weapon)
Armour
 a - a +0 robe (worn)
Scrolls
 d - a scroll of blinking {unknown}
Potions
 b - a potion of attraction {unknown}


   Skills:
 - Level 1.7 Dodging
 - Level 1.7 Stealth
 * Level 2.8 Spellcasting
 + Level 4.0 Conjurations


You had 4 spell levels left.
You knew the following spells:

 Your Spells              Type           Power      Damage    Failure   Level
a - Magic Dart            Conj           88%        1d7       2%          1
b - Searing Ray           Conj           44%        3d4       3%          2

Your spell library contained the following spells:

 Spells                   Type           Power      Damage    Failure   Level
 Dazzling Flash           Conj/Hex       24%        N/A       14%         3
 Fulminant Prism          Conj/Hex       6%         3d7       43%         4
 Iskenderun's Mystic Bla  Conj/Tloc      12%        2d5       43%         4


Dungeon Overview and Level Annotations

Branches:
Dungeon (2/15)


Innate Abilities, Weirdness & Mutations

Your attributes grow dramatically as you level up.
You have an increased reservoir of magic. (+10% MP)
You shall have no god before yourself.


Message History

Unknown command.
The orc hits you with a +0 club.
Found a pink potion.
A ball python comes into view.
The ball python moves out of view.
A dart slug comes into view.
A hobgoblin comes into view.
The ball python hisses angrily.
The hobgoblin moves out of view.
An adder comes into view.
The orc hits you but does no damage.
Found a scroll labelled JAEPIN LIBEN.
A bullfrog skeleton comes into view.
The ball python bites you. The ball python barely misses you.
A ball python comes into view.
The adder hisses angrily.
The adder bites you. The dart slug launches a dart at you.
The slug dart hits you. The adder closely misses you.
The orc wizard mumbles some strange words.
The orc wizard flickers and vanishes!
Deactivating autopickup; reactivate with Ctrl-A.
The adder bites you.
There is a stone staircase leading down here.
Unknown command.
The hobgoblin shouts!
The ball python bites you. The ball python barely misses you.
The orc barely misses you. The adder bites you.
* * * LOW HITPOINT WARNING * * *
The ball python misses you. The ball python grabs you.
You stop descending the stairs.
The ball python constricts you.
* * * LOW HITPOINT WARNING * * *
The dart slug launches a dart at you. The slug dart hits you.
* * * LOW HITPOINT WARNING * * *
Unknown command.
Unknown command.
You escape the ball python's grasp.
The adder bites you.
You die...

#.# .##? #.#####.....#
#.....!..#...
##########.....g.##g.
...................g..
....###............#
#.......###.[.....##
..........#....oS.##
#...###......ooS@w.#
#.. #....[......## .
#. #............###..#
#................#
#............###
#..........###
############


You could see an adder, a dart slug, 3 orcs, 2 hobgoblins, a goblin (wandering)
and a ball python.

Vanquished Creatures
  An adder (D:2)
  A dart slug (D:1)
  A bat (D:2)
  5 endoplasms
  A giant cockroach (D:1)
  3 goblins
  4 hobgoblins (D:1)
  A quokka (D:1)
  2 ball pythons (D:1)
  2 kobolds (D:1)
  3 rats
24 creatures vanquished.

Notes
Turn   | Place    | Note
-------+----------+-------------------------------------------
     0 | D:1      | Labrat the Demigod Conjurer began the quest for the Orb.
     0 | D:1      | Reached XP level 1. HP: 14/14 MP: 5/5
   421 | D:1      | Reached XP level 2. HP: 20/20 MP: 3/7
  1055 | D:1      | Learned a level 2 spell: Searing Ray
  1414 | D:2      | Reached skill level 4 in Conjurations
  1414 | D:2      | Reached XP level 3. HP: 26/26 MP: 5/9
  1485 | D:2      | You fall into a shaft and drop 2 floors!
  1506 | D:4      | Slain by an adder

Illustrated notes

Levels and vault maps discovered:
D:1:      dpeg_arrival_ternary, layout_basic,
          ebering_ecumenical_altar_sacrificial
D:2:      layout_basic, corexii_hall_statues_l
D:4:      minmay_recursive_quarters, layout_rooms,
          chequers_serial_rivers_small_3, minmay_ruined_shrine

Skill      XL: |  1  2 |
---------------+-------+-----
Spellcasting   | 2 |  2.8
Conjurations   | 4 |  4.0
Dodging        | |  1.7
Stealth        | |  1.7

Action                   || total
-------------------------++-------
 Cast: Magic Dart        ||    61
Armor: Robe              ||     3
Dodge: Dodged            ||     8
